 Dungeon Crawl Stone Soup version 0.30-a0-458-g86641cc369 (webtiles) character file.

Game seed: 11804244372253474977

660 cforsyth the Shield-Bearer (level 7, -2/70 HPs)
             Began as a Troll Fighter on Dec 15, 2022.
             Slain by a gnoll sergeant
             ... wielding a +0 spear
              (8 damage)
             ... on level 5 of the Dungeon.
             The game lasted 00:10:02 (3790 turns).

cforsyth the Shield-Bearer (Troll Fighter)          Turns: 3790, Time: 00:10:03

Health: -2/70      AC:  6    Str: 25    XL:     7   Next: 30%
Magic:  6/6        EV:  9    Int:  6    God:
Gold:   222        SH:  8    Dex:  9    Spells: 6/6 levels left

rFire   . . .      SeeInvis .      - Unarmed
rCold   . . .      Faith    .    b - +0 kite shield
rNeg    . . .      Spirit   .    a - +0 robe
rPois   +          Reflect  .    o - +2 hat
rElec   .          Harm     .    (no cloak)
rCorr   .          Rampage  .    (gloves unavailable)
Will    .....                    (boots unavailable)
Stlth   +.........               (no amulet)
HPRegen 1.11/turn                t - ring of poison resistance
MPRegen 0.10/turn                (no ring)

@: mighty
A: large, unfitting armour, claws 3, regeneration 1, shaggy fur 1, tough skin 1
a: no special abilities


You were on level 5 of the Dungeon.
You visited 1 branch of the dungeon, and saw 5 of its levels.
You also visited: Sewer.

You collected 222 gold pieces.

Inventory:

Armour
 a - a +0 robe (worn)
 b - a +0 kite shield (worn)
 o - a +2 hat (worn)
Jewellery
 t - a ring of poison resistance (left claw)
 x - an amulet of reflection
Wands
 r - a wand of quicksilver (11)
Scrolls
 e - 2 scrolls of noise {unknown}
 f - 3 scrolls of magic mapping {unknown}
 h - 2 scrolls of blinking {unknown}
 i - a scroll of brand weapon {unknown}
 j - 4 scrolls of identify {unknown}
 k - 2 scrolls of teleportation {unknown}
 m - a scroll of enchant weapon {unknown}
 p - a scroll of amnesia {unknown}
 u - a scroll of fear {unknown}
 w - a scroll of poison {unknown}
Potions
 c - a potion of might
 d - 3 potions of haste {unknown}
 g - 5 potions of mutation {unknown}
 l - a potion of attraction {unknown}
 n - 4 potions of curing {unknown}
 q - a potion of cancellation {unknown}
 s - a potion of heal wounds {unknown}
 v - a potion of magic {unknown}


   Skills:
 + Level 4.0 Fighting
 + Level 4.1 Dodging
 + Level 4.5 Shields
 + Level 4.4 Unarmed Combat


You had 6 spell levels left.
You didn't know any spells.
Your spell library contained the following spells:

 Spells                   Type           Power      Damage    Failure   Level
 Ensorcelled Hibernation  Hex/Ice        0%         N/A       86%         2
 Gell's Gravitas          Tloc           0%         N/A       98%         3
 Spider Form              Tmut/Pois      0%         N/A       98%         3
 Teleport Other           Tloc           0%         N/A       98%         3
 Anguish                  Hex/Necr       0%         N/A       100%        4
 Dispersal                Tloc           0%         N/A       100%        6


Dungeon Overview and Level Annotations

Branches:
Dungeon (5/15)              Sewer (visited)
 Temple: D:4-7

Altars:
Fedhas
Kikubaaqudgha
Makhleb
Ru
Sif Muna
Xom

Shops:
D:3 (   D:4 :=[*[


Innate Abilities, Weirdness & Mutations

You are too large for most types of armour.
You have claws for hands.
Your natural rate of healing is unusually fast.
You are covered in fur. (AC +1)
You have tough skin. (AC +1)


Message History

You kill the orc wizard!
The orc sings a few bars from the Orcish anthem.
You barely miss the orc. You block the orc's attack.
You barely miss the orc. The orc completely misses you.
You mangle the orc!!
You kill the orc!
The ufetubus hits you.
* * * LOW HITPOINT WARNING * * *
The ufetubus barely misses you.
You barely miss the ufetubus. You block the ufetubus's attack.
The ufetubus barely misses you.
You miss the ufetubus. The ufetubus barely misses you. The ufetubus hits you.
* * * LOW HITPOINT WARNING * * *
The ufetubus misses you.
The ufetubus hits you but does no damage.
Unknown command.
You closely miss the ufetubus. The ufetubus barely misses you.
You block the ufetubus's attack.
You claw the ufetubus!
You kill the ufetubus!
You barely miss the orc. The orc hits you but does no damage.
The gnoll sergeant barely misses you.
You barely miss the orc.
The gnoll sergeant hits you but does no damage.
The orc closely misses you.
You scratch the orc.
The orc is almost dead.
The orc hits you with a +0 flail!
* * * LOW HITPOINT WARNING * * *
The gnoll sergeant hits you from afar with a +0 spear.
* * * LOW HITPOINT WARNING * * *
You claw the orc!
You kill the orc!
The gnoll sergeant hits you but does no damage.
You block the gnoll sergeant's attack.
Items here: ! ))))) [[[[ †††.
Unknown command.
You closely miss the gnoll sergeant.
The gnoll sergeant hits you with a +0 spear!
You die...

. .o. ##
###########..ogo
.# #....@g.....#
.# #.#######.#..#
.# #.# ... .# .#
#.# #### <# ##.##
.# #)..# .##
###.#.#
..#######...#...
#..>......#####.#


You could see a gnoll sergeant.

Vanquished Creatures
  An orc warrior (D:5)
  Blork the orc (D:5)
  A kobold brigand (Sewer)
  A scorpion (D:4)
  A hound (D:5)
  3 iguanas
  An orc wizard (D:5)
  A gnoll (D:1)
  5 adders
  4 river rats (Sewer)
  An ufetubus (D:5)
  2 dart slugs
  7 orcs
  9 bats
  7 endoplasms
  6 giant cockroaches
  10 goblins
  7 hobgoblins
  9 jackals
  2 quokkas
  9 ball pythons
  5 frilled lizards
  23 kobolds
  32 rats
148 creatures vanquished.

Notes
Turn   | Place    | Note
-------+----------+-------------------------------------------
     0 | D:1      | cforsyth the Troll Fighter began the quest for the Orb.
     0 | D:1      | Reached XP level 1. HP: 22/22 MP: 0/0
   170 | D:1      | Reached XP level 2. HP: 25/29 MP: 1/1
   338 | D:1      | Reached XP level 3. HP: 36/36 MP: 2/2
  1096 | D:2      | Reached XP level 4. HP: 44/44 MP: 3/3
  1096 | D:2      | Found a faded altar of an unknown god.
  1608 | D:3      | Found Yjuras's Weapon Shop.
  2210 | D:4      | Found Atithe Felu's Jewellery Shoppe.
  2229 | D:4      | Reached XP level 5. HP: 51/53 MP: 4/4
  2274 | D:4      | Found Fur Poph's Antique Armour Shop.
  2301 | D:4      | Found Rougauxa's General Store.
  2434 | D:4      | Found a glowing drain.
  2449 | Sewer    | Entered a sewer
  2685 | Sewer    | Reached XP level 6. HP: 61/61 MP: 5/5
  3259 | D:4      | Found Sithrad's Book Emporium.
  3332 | D:4      | Found Ynuo's Armour Shop.
  3542 | D:4      | Found a sacrificial altar of Ru.
  3542 | D:4      | Found a blossoming altar of Fedhas.
  3550 | D:4      | Found an ancient bone altar of Kikubaaqudgha.
  3552 | D:4      | Found a shimmering altar of Xom.
  3567 | D:4      | Found a burning altar of Makhleb.
  3668 | D:5      | Entered Level 5 of the Dungeon
  3682 | D:5      | Found a shimmering blue altar of Sif Muna.
  3728 | D:5      | Noticed Blork the orc
  3738 | D:5      | Killed Blork the orc
  3757 | D:5      | Noticed an orc warrior
  3767 | D:5      | Reached XP level 7. HP: 34/68 MP: 6/6
  3773 | D:5      | HP: 2/68 [orc warrior/+0 short sword (6)]
  3787 | D:5      | HP: 3/70 [gnoll sergeant/+0 spear (4)]
  3790 | D:5      | Slain by a gnoll sergeant

Illustrated notes

Levels and vault maps discovered:
D:1:      lemuel_arrival_tunnels, layout_loops_ring, serial_glass,
          glass_columns_a, glass_columns_b, item_on_display_a,
          due_unseen_surprise
D:2:      layout_basic, chequers_ecumenical_altar_island
D:3:      layout_loops_ring, serial_shops, shop, kennysheep_donut,
          kennysheep_generic_room_7
D:4:      layout_basic, chequers_temple_overflow_minitemple,
          portal_sewer_entry_a, serial_shops, kennysheep_little_box, shop,
          nicolae_diamond_shop, nicolae_square_shop, nicolae_shop_behind_doors
D:5:      layout_loops_ring, mainiacjoe_overflow_boulevard,
          nicolae_ossuary_entry_false_entrances, minmay_manual_moon,
          uniq_blork_the_orc, uniq_prince_ribbit1

Skill      XL: |  1  2  3  4  5  6  7 |
---------------+----------------------+-----
Shields        | 3 4 |  4.5
Fighting       | 3 4 |  4.0
Dodging        | 3 4 |  4.1
Unarmed Combat | 3 4 |  4.4

Action                   |  1- 3 |  4- 6 |  7- 9 || total
-------------------------+-------+-------+-------++-------
Melee: Unarmed           |   128 |   299 |    22 ||   449
  Use: Potion            |       |       |     1 ||     1
 Stab: Sleeping          |       |     2 |       ||     2
Armor: Robe              |    37 |   133 |     5 ||   175
Dodge: Dodged            |    55 |   133 |     8 ||   196
Block: Kite shield       |    41 |   132 |     5 ||   178

Table legend: (Time is in decaauts)
 A = Elapsed time spent in this place.
 B = Non-inter-level travel time spent in this place.
 C = Inter-level travel time spent in this place.
 D = Time resting spent in this place.
 E = Time spent auto-exploring this place.
 F = Levels seen in this place.
 G = Mean time per level.
                   A        B        C        D        E       F      G
               +--------+--------+--------+--------+--------+-----+--------+
         Total |   3821 |   3771 |     50 |      0 |   2424 |   6 |  636.8 |
       Dungeon |   3125 |   3075 |     50 |      0 |   2050 |   5 |  625.0 |
         Sewer |    696 |    696 |      0 |      0 |    374 |   1 |  696.0 |
               +--------+--------+--------+--------+--------+-----+--------+

Top non-repeatable levels by time:
     D:1: 898 daAuts
     D:4: 897 daAuts
   Sewer: 696 daAuts
     D:3: 636 daAuts
     D:2: 569 daAuts
     D:5: 123 daAuts
